AoeStats
← dashuaibi

Nomad

508396492Analyzed
4v4 RM · 10d ago on Sep 22, 2026· 39m 14s· 8 players
Game mode
Random Map
Map size
231×231
Population
200
Speed
Normal
Resources
Standard
Victory
Conquest
Starting age
Dark Age
Ending age
Imperial Age
RankedLock teamsTeams togetherTeam positionsShared explorationLock speedFull tech treeHidden civsTurbo modeCheats
Victory
Defeat
🇨🇳 Inca · China
1740
+14
🇨🇳 Bengalis · China
1451
+24
🇹🇷 Koreans · Türkiye
1442
+25
🇨🇳 Berbers · China
1353
+28
🇺🇦 Cumans · Ukraine
1792
-27
🇪🇸 Khmer · Spain
1663
-23
🇨🇳 Malay · China
1611
-21
🇩🇪 Franks · Germany
1578
-20
AutoClickerv3
14:29 Feudal Age
18:11 Castle Age
16:31 Double-Bit Axe
17:11 Stone Mining
18:10 Loom
28:33 Wheelbarrow
29:47 Wheelbarrow
31:22 Hand Cart
30:52 Horse Collar
33:14 Town Watch
39:12 Imperial Age
39:54 Stone Shaft Mining
苦练三号位
8:41 Loom
12:29 Feudal Age
12:45 Horse Collar
14:16 Fletching
14:20 Town Watch
18:50 Double-Bit Axe
20:49 Wheelbarrow
23:32 Castle Age
22:30 Crossbowman
23:22 Bodkin Arrow
24:57 Bow Saw
24:49 Heavy Plow
28:02 Gold Mining
31:16 Gold Shaft Mining
35:36 Imperial Age
33:01 Man-at-Arms
33:41 Squires
33:52 Forging
33:56 Long Swordsman
35:13 Iron Casting
35:38 Conscription
34:55 Two-Handed Swordsman
38:00 Blast Furnace
Ouch
6:42 Loom
14:09 Feudal Age
14:44 Double-Bit Axe
14:40 Fishing Lines
21:37 Castle Age
20:38 Scale Barding Armor
20:36 Gold Mining
22:47 Chain Barding Armor
22:47 Bloodlines
31:17 Capped Ram
MyNameIsLassen
13:06 Feudal Age
13:29 Man-at-Arms
15:22 Loom
15:44 Double-Bit Axe
20:22 Castle Age
19:18 Fletching
22:18 Bow Saw
22:29 Scale Barding Armor
26:14 Wheelbarrow
26:18 Gold Mining
28:20 Chain Barding Armor
30:13 Forging
30:52 Town Watch
33:22 Hand Cart
38:26 Imperial Age
36:33 Stone Mining
37:18 Gold Shaft Mining
37:22 Iron Casting
36:52 Husbandry
38:16 Padded Archer Armor
39:14 Masonry
40:08 Chemistry
39:31 Masonry
39:32 Siege Engineers
叫声乌鸦哥
10:44 Loom
13:32 Feudal Age
14:09 Town Watch
17:21 Castle Age
15:38 Double-Bit Axe
17:20 Fishing Lines
20:07 Fletching
30:15 Wheelbarrow
32:28 Bow Saw
33:55 Gold Mining
34:52 Scale Barding Armor
39:41 Imperial Age
38:39 Redemption
38:50 Gillnets
39:43 Hand Cart
DKDFCD
4:51 Loom
13:53 Feudal Age
17:37 Castle Age
15:33 Double-Bit Axe
16:06 Horse Collar
16:36 Gold Mining
17:46 Town Watch
18:33 Bow Saw
18:37 Forging
20:30 Wheelbarrow
26:13 Heavy Plow
30:51 Imperial Age
29:20 Stone Mining
30:05 Gold Shaft Mining
30:56 Scale Mail Armor
32:24 Crop Rotation
32:35 Hand Cart
32:58 Conscription
34:14 Chain Mail Armor
35:23 Elite Kamayuk
37:29 Fabric Shields
38:01 Plate Mail Armor
39:15 Iron Casting
39:48 Hoardings
dashuaibi
4:47 Loom
14:27 Feudal Age
16:40 Forging
16:28 Fishing Lines
19:09 Double-Bit Axe
22:04 Castle Age
20:22 Horse Collar
23:56 Bow Saw
23:48 Heavy Plow
26:27 Gillnets
29:47 Fletching
29:57 Padded Archer Armor
30:31 Gold Mining
30:32 Stone Mining
31:42 Ballistics
32:16 Wheelbarrow
31:27 Town Watch
31:43 Bodkin Arrow
32:03 Leather Archer Armor
32:37 Stone Shaft Mining
32:38 Gold Shaft Mining
32:50 Bloodlines
32:40 Husbandry
34:47 Scale Barding Armor
37:25 Imperial Age
35:11 Hand Cart
35:30 Thumb Ring
38:25 Chain Barding Armor
39:30 Chemistry
38:36 Siege Engineers
38:41 Masonry
38:13 Treadmill Crane
39:10 Crop Rotation
39:21 Conscription
39:02 Maghrebi Camels
39:05 Kasbah
Kaii
5:04 Loom
14:38 Feudal Age
18:14 Fletching
21:29 Castle Age
22:16 Bodkin Arrow
Connection lost

Rejoining the realm…

Still unreachable

The connection could not be restored.

Session expired

The server has moved on; the page needs a fresh start.